 Dungeon Crawl Stone Soup version 0.32-a0-485-g70f7560b1c (webtiles) character file.

Game seed: 2311146709061808947

7 Esekla the Sneak (level 2, 21/21 HPs)
             Began as an Octopode Delver on Feb 26, 2024.
             Quit the game on level 5 of the Dungeon.
             The game lasted 00:01:37 (185 turns).

Esekla the Sneak (Octopode Delver)                   Turns: 185, Time: 00:01:38

Health: 21/21      AC:  1    Str: 11    XL:     2   Next: 0%
Magic:  2/2        EV: 13    Int: 12    God:
Gold:   20         SH:  0    Dex: 13    Spells: 1/1 levels left

rFire   . . .        a - +0 falchion
rCold   . . .        (no shield)
rNeg    . . .        (helmet restricted)
rPois   .            (no amulet)
rElec   .            (no ring)
rCorr   .            (no ring)
SInv    .            (no ring)
Will    .....        (no ring)
Stlth   ++++         (no ring)
HPRegen 0.23/turn    (no ring)
MPRegen 0.08/turn    (no ring)
                     (no ring)

%: no passive effects
@: no status effects
A: almost no armour, amphibious, 8 rings, camouflage 1, gelatinous body 1,
(nimble swimmer 1), tentacles
a: no special abilities


You were on level 5 of the Dungeon.
You visited 1 branch of the dungeon, and saw 1 of its levels.

You collected 20 gold pieces.

Inventory:

Hand Weapons
 a - a +0 falchion (weapon)
Jewellery
 c - an amulet of guardian spirit
Wands
 f - a wand of digging (3)
Scrolls
 b - a scroll of fog
 d - a scroll of fear
Potions
 e - a potion of haste


   Skills:
 * Level 3.1 Fighting
 + Level 2.0 Long Blades
 * Level 2.1 Dodging
 + Level 6.8 Stealth
 * Level 0.2 Spellcasting


You had one spell level left.
You didn't know any spells.
Your spell library was empty.

Dungeon Overview and Level Annotations

Branches:
Dungeon (5/15)
 Temple: D:4-7

Altars:

Shops:
D:5 (


Innate Abilities, Weirdness & Mutations

You cannot wear most types of armour.
You are amphibious.
You can wear up to eight rings at the same time.
Your skin changes colour to match your surroundings (Stealth+).
Your rubbery body absorbs attacks. (AC +1, EV +1)
((You are camouflaged when in or above water. (Stealth+)))
You have tentacles for arms and can constrict up to eight enemies at once.


Message History

Found a flail.
Found a runed zirconium amulet.
A white imp comes into view.
Found a stone staircase leading down.
The white imp shouts, "Scamper home, thou horrid sheep-biting gonus!"
You see here an amulet of guardian spirit.
c - an amulet of guardian spirit You hit the white imp.
You grab the white imp.
You squeeze the white imp, but do no damage.
The white imp is lightly wounded.
You constrict the white imp, but do no damage.
The white imp closely misses you.
You hit the white imp but do no damage.
The white imp is lightly wounded.
You constrict the white imp, but do no damage.
The white imp gestures at you. The puff of frost hits you!
Ouch! That really hurt!
You hit the white imp but do no damage. You squeeze the white imp.
The white imp is moderately wounded.
You constrict the white imp. The white imp barely misses you.
You hit the white imp.
The white imp is severely wounded.
You constrict the white imp, but do no damage.
The white imp hits you. The white imp freezes you.
* * * LOW HITPOINT WARNING * * *
You hit the white imp.
You kill the white imp!
You have reached level 2!
Unknown command.
You start resting.
HP restored.
Found a human corpse and a dagger.
An iguana comes into view.
Found Ufunaur's Weapon Shop.
The iguana hisses angrily.
An orc comes into view.
It is wielding a +1 short sword of flaming.
An orc comes into view. It is wielding a +0 falchion.
There is an entrance to Ufunaur's Weapon Shop here.
Are you sure you want to abandon this character and quit the game? (Confirm with "yes".)

* ####### *,,,...,,***** *
#.....# *,,..o.,,,,,,, * #.....#
*,,...,,,,**** ** #.....#
*,,...,,,,* ,**
#.....###########.#***o#
..#####.....##...#....#.# *.#
#.....#.....##...#....#.####.####
#####............................
......#.....##..@#....#..........
......########...#l...#..........
......# #...#....#.l........
......# #...#....#..........
..)...# #...#....#.#.......#
......# #...#....#.#.##.##.#
......# #...##...###.#*.#*,#
......# #####...†)##.#,,.,,*
......# #.........##*##**


There were no monsters in sight!

Vanquished Creatures
  A white imp (D:5)
1 creature vanquished.

Notes
Turn   | Place    | Note
-------+----------+-------------------------------------------
     0 | D:5      | Esekla the Octopode Delver began the quest for the Orb.
     0 | D:5      | Reached XP level 1. HP: 16/16 MP: 1/1
    70 | D:5      | Reached XP level 2. HP: 3/21 MP: 2/2
   157 | D:5      | Found Ufunaur's Weapon Shop.
   185 | D:5      | Quit the game

Illustrated notes

Levels and vault maps discovered:
D:5:      layout_basic, serial_shops, nicolae_shop_bloodbath_and_beyond,
          chequers_serial_rivers_small_a, minmay_misc_feat_rugged,
          uniq_prince_ribbit1

Action                     || total
---------------------------++-------
  Melee: Falchion          ||     5
         Tentacles         ||     2
         Constrict         ||     1
    Use: Scroll            ||     1
 Armour: Skin              ||     2
  Dodge: Dodged            ||     2

Table legend: (Time is in decaauts)
 A = Elapsed time spent in this place.
 B = Non-inter-level travel time spent in this place.
 C = Inter-level travel time spent in this place.
 D = Time resting spent in this place.
 E = Time spent auto-exploring this place.
 F = Levels seen in this place.
 G = Mean time per level.
                   A        B        C        D        E       F      G
               +--------+--------+--------+--------+--------+-----+--------+
         Total |    186 |    186 |      0 |     77 |      0 |   1 |  186.0 |
       Dungeon |    186 |    186 |      0 |     77 |      0 |   1 |  186.0 |
               +--------+--------+--------+--------+--------+-----+--------+

Top non-repeatable levels by time:
     D:5: 186 daAuts
